 Dungeon Crawl Stone Soup version 0.28.0 (webtiles) character file.

Game seed: 8563560558768659094

390 danielguo94 the Cudgeller (level 6, -1/38 HPs)
             Began as a Gargoyle Fighter on Feb 8, 2022.
             Slain by Edmund (4 damage)
             ... on level 4 of the Dungeon.
             The game lasted 00:03:44 (3612 turns).

danielguo94 the Cudgeller (Gargoyle Fighter)        Turns: 3612, Time: 00:03:45

Health: -1/38      AC: 11    Str: 21    XL:     6   Next: 80%
Magic:  6/6        EV:  9    Int:  9    God:
Gold:   144        SH:  4    Dex:  9    Spells: 5/5 levels left

rFire   . . .      SeeInvis .   a - +0 flail
rCold   . . .      Faith    .   c - +0 buckler
rNeg    + . .      Spirit   .   b - +0 scale mail
rPois   ∞          Reflect  .   (no helmet)
rElec   +          Harm     .   (no cloak)
rCorr   .          Rampage  .   (no gloves)
Will    .....                   (no boots)
Stlth   ..........              (no amulet)
HPRegen 0.12/turn               (no ring)
MPRegen 0.10/turn               (no ring)

@: mighty
A: sickness immunity, AC +4, negative energy resistance 1, electricity
resistance, torment resistance 1, petrification resistance
a: no special abilities


You were on level 4 of the Dungeon.
You visited 1 branch of the dungeon, and saw 4 of its levels.

You collected 144 gold pieces.

Inventory:

Hand Weapons
 a - a +0 flail (weapon)
Missiles
 e - 64 stones (quivered)
 g - 4 boomerangs
 p - 3 poisoned darts
Armour
 b - a +0 scale mail (worn)
 c - a +0 buckler (worn)
Scrolls
 f - a scroll of torment
 h - a scroll of noise {unknown}
 j - 4 scrolls of blinking
 k - a scroll of immolation {unknown}
 m - a scroll of identify
 n - a scroll of enchant weapon {unknown}
Potions
 i - a potion of curing
 l - 2 potions of brilliance {unknown}
 o - a potion of flight {unknown}


   Skills:
 + Level 4.2 Fighting
 * Level 5.2 Maces & Flails
 + Level 4.6 Armour
 + Level 1.1 Dodging
 + Level 3.8 Shields


You had 5 spell levels left.
You didn't know any spells.
Your spell library was empty.

Dungeon Overview and Level Annotations

Branches:
Dungeon (4/15)
 Temple: D:4-7

Altars:
Fedhas

Shops:
D:2 (   D:4 :

Annotations:
D:3 3 runed translucent doors, Sanktem7's ghost, amateur MiBe
D:4 Edmund


Innate Abilities, Weirdness & Mutations

You are immune to sickness and miasma.
Your stone body is resilient. (AC +4)
You are immune to poison.
You resist negative energy. (rN+)
You are resistant to electric shocks. (rElec)
You are resistant to unholy torment.
You are immune to petrification.


Message History

You kill the quokka!
No target in view!
No target in view!
Found a stone staircase leading down.
p - 3 poisoned darts Edmund the Younger comes into view.
He is wielding a +2 flail of protection and wearing a +3 scale mail of cold resistance.
Edmund shouts!
Edmund moves out of view.
You feel very mighty all of a sudden.
Edmund hits you with a +2 flail of protection!
You barely miss Edmund. Edmund hits you but does no damage.
You sock Edmund!
Edmund is moderately wounded.
Edmund hits you with a +2 flail of protection.
You closely miss Edmund.
Edmund is moderately wounded.
Edmund hits you but does no damage.
You hit Edmund.
Edmund is moderately wounded.
You block Edmund's attack.
You completely miss Edmund.
Edmund is moderately wounded.
You block Edmund's attack.
Edmund hits you with a +2 flail of protection!
* * * LOW HITPOINT WARNING * * *
You hit Edmund but do no damage.
Edmund is moderately wounded.
Edmund hits you with a +2 flail of protection.
* * * LOW HITPOINT WARNING * * *
You closely miss Edmund.
Edmund is moderately wounded.
Edmund hits you but does no damage.
You hit Edmund but do no damage.
Edmund is moderately wounded.
Edmund hits you with a +2 flail of protection!
* * * LOW HITPOINT WARNING * * *
You sock Edmund!
Edmund is severely wounded.
Edmund hits you with a +2 flail of protection.
You die...

....# #.#..##..#.## #.##..<.
....# #.#......#..# ##.####..
....# #.#..#......# #........
....#######.#..#......# #..####..
............#≈≈#...#..# #........
....######..####...#..####.#####.
....# #..#. #...#.............
....# #..#..#...#.#####.######
....# ##.#..@@..#....>..# #####
#.#....#[#.#####.# #
#.########....##.# #
#.........)...##.# #
########.#....##.# # #......##.#
# ####.####.# # #..# #.# # ##.#
#.#


You could see Edmund.

Vanquished Creatures
  Sigmund (D:4)
  A scorpion (D:4)
  A bullfrog skeleton (D:4)
  Jessica (D:3)
  A gnoll (D:1)
  3 adders
  2 river rats (D:3)
  A worm (D:2)
  A dart slug (D:3)
  5 ball pythons
  An endoplasm (D:1)
  9 giant cockroaches
  4 goblins (D:1)
  5 hobgoblins
  4 quokkas
  7 bats
  A frilled lizard (D:3)
  6 kobolds
  A quokka skeleton (D:4)
  8 rats
63 creatures vanquished.

Vanquished Creatures (others)
  4 fungi (D:3)
4 creatures vanquished.

Grand Total: 67 creatures vanquished

Notes
Turn   | Place    | Note
-------+----------+-------------------------------------------
     0 | D:1      | danielguo94 the Gargoyle Fighter began the quest for the
                  | Orb.
     0 | D:1      | Reached XP level 1. HP: 14/14 MP: 1/1
   234 | D:1      | Reached XP level 2. HP: 9/19 MP: 2/2
   447 | D:1      | Reached XP level 3. HP: 21/24 MP: 3/3
  1199 | D:2      | Found Boryirhy's Antique Weapon Boutique.
  1199 | D:2      | You fall into a shaft and drop 1 floor!
  1323 | D:2      | Found a blossoming altar of Fedhas.
  1620 | D:2      | Found a faded altar of an unknown god.
  1959 | D:2      | Reached XP level 4. HP: 15/29 MP: 4/4
  2220 | D:3      | Found a runed translucent gate.
  2249 | D:3      | Reached skill level 3 in Maces & Flails
  2590 | D:3      | Noticed Jessica
  2601 | D:3      | Killed Jessica
  2664 | D:3      | Found a runed translucent gate.
  2664 | D:3      | Noticed Sanktem7's ghost (amateur MiBe)
  2664 | D:3      | Noticed a kobold brigand
  2665 | D:3      | Found a runed translucent gate.
  2694 | D:3      | Reached XP level 5. HP: 31/33 MP: 5/5
  3107 | D:4      | Reached skill level 4 in Maces & Flails
  3310 | D:4      | Found Vethec's Book Emporium.
  3341 | D:4      | Reached XP level 6. HP: 38/38 MP: 6/6
  3431 | D:4      | Noticed Sigmund
  3455 | D:4      | Killed Sigmund
  3456 | D:4      | Reached skill level 5 in Maces & Flails
  3456 | D:4      | Reached skill level 1 in Dodging
  3601 | D:4      | Noticed Edmund
  3612 | D:4      | Slain by Edmund

Illustrated notes

Levels and vault maps discovered:
D:1:      dpeg_arrival_ternary, layout_loops_ring, minmay_misc_feat_ornament
D:2:      layout_basic, basic_altar, serial_shops, nicolae_shop_hallway_plus,
          chequers_ecumenical_altar_simple
D:3:      layout_loops_ring, gup_sewer_entry_bubbles,
          gammafunk_ghost_nasty_kobolds, uniq_jessica
D:4:      layout_basic, serial_shops, shop, sigmund_edmund_badplayer,
          uniq_menkaure

Skill      XL: |  1  2  3  4  5  6 |
---------------+-------------------+-----
Maces & Flails | 3 4 5 |  5.2
Armour         | 4 |  4.6
Fighting       | 4 |  4.2
Dodging        | 1 |  1.1
Shields        | |  3.8

Action                   |  1- 3 |  4- 6 || total
-------------------------+-------+-------++-------
Melee: Flail             |   126 |   163 ||   289
  Use: Scroll            |       |     3 ||     3
       Potion            |       |     2 ||     2
Armor: Scale mail        |    68 |    93 ||   161
Dodge: Dodged            |    52 |    63 ||   115
Block: Buckler           |    18 |    47 ||    65
